 Dungeon Crawl Stone Soup version 0.31-a0-1227-g0136665373 (webtiles) character file.

Game seed: 14594641215207952797

37756 grandjackal the Fighter (level 13, -6/122 HPs)
             Began as a Grey Draconian Gladiator on Dec 14, 2023.
             Was the Champion of Okawaru.
             Mangled by a quicksilver ooze (9 damage)
             ... in an ice cave.
             The game lasted 00:26:43 (18169 turns).

grandjackal the Fighter (Grey Draconian Gladiator) Turns: 18169, Time: 00:26:44

Health: -6/122     AC: 20    Str: 14    XL:     13   Next: 60%
Magic:  0/21       EV: 23    Int: 11    God:    Okawaru [******]
Gold:   1058       SH:  0    Dex: 16    Spells: 12/12 levels left

rFire   + + .        k - +3 triple sword (flame)
rCold   + . .        (shield currently unavailable)
rNeg    + . .        (body armour unavailable)
rPois   +            B - -2 hat of the Alchemist {rElec rPois rF+ rC+ rN+ Will+ rMut rCorr}
rElec   +            m - +2 cloak
rCorr   +            n - +2 pair of gloves
SInv    .            s - +2 pair of boots
Will    .....        a - amulet of guardian spirit
Stlth   +            p - +5 ring of evasion
HPRegen 0.40/turn    O - ring of protection from fire
MPRegen 0.17/turn

%: resist mutation, guardian spirit
@: weak-willed, engulfed
A: AC +13, amphibious, unfitting armour, cold-blooded, screaming 1, weak 1
a: Renounce Religion, Heroism, Finesse, Duel, Receive Weapon


You were in an ice cave.
You worshipped Okawaru.
Okawaru was exalted by your worship.
You visited 3 branches of the dungeon, and saw 17 of its levels.
You also visited: Sewer, Ossuary, Bailey and Ice Cave.

You collected 1161 gold pieces.
You spent 103 gold pieces at shops.

Inventory:

Hand Weapons
 k - a +3 triple sword of flaming (weapon)
Missiles
 c - 3 throwing nets
 d - 37 javelins
 j - 19 boomerangs (quivered)
 w - a silver javelin
Armour
 b - a +2 hat
 e - a scarf of repulsion
 m - a +2 cloak (worn)
 n - a +2 pair of gloves (worn)
 s - a +2 pair of boots (worn)
 B - the -2 hat of the Alchemist (worn) {rElec rPois rF+ rC+ rN+ Will+ rMut rCorr}
   (Okawaru gifted it to you in an ice cave)

   rF+:       It protects you from fire.
   rC+:       It protects you from cold.
   rElec:     It insulates you from electricity.
   rPois:     It protects you from poison rN+: It protects you from negative
   energy.
   Will+:     It increases your willpower.
   rCorr:     It protects you from acid and corrosion.
   rMut:      It protects you from mutation.
Jewellery
 a - an amulet of guardian spirit (around neck)
 p - a +5 ring of evasion (left hand)
 z - a ring of flight
 O - a ring of protection from fire (right hand)
 V - a ring of resist corrosion
Wands
 l - a wand of charming (13)
 r - a wand of mindburst (2)
 C - a wand of polymorph (7)
 P - a wand of iceblast (12)
 S - a wand of digging (4)
 T - a wand of quicksilver (4)
 W - a wand of flame (21)
Scrolls
 g - 2 scrolls of summoning
 h - 2 scrolls of enchant armour
 i - a scroll of vulnerability
 q - a scroll of fear
 t - 4 scrolls of acquirement {unknown}
 v - 2 scrolls of immolation
 x - a scroll of brand weapon {unknown}
 y - 3 scrolls of revelation {unknown}
 A - 6 scrolls of teleportation
 E - a scroll of blinking {unknown}
 F - a scroll of identify
 M - 3 scrolls of amnesia
 Q - 3 scrolls of poison {unknown}
 X - a scroll of fog
Potions
 f - a potion of berserk rage
 o - 2 potions of mutation
 u - a potion of ambrosia
 D - 7 potions of enlightenment
 G - a potion of haste
 H - 9 potions of curing
 I - a potion of might
 J - 2 potions of attraction
 K - 3 potions of invisibility
 L - 2 potions of magic
 N - 2 potions of cancellation
 U - a potion of brilliance
 Y - a potion of heal wounds


   Skills:
 + Level 13.6 Fighting
 + Level 12.6 Long Blades
 - Level 2.0 Throwing
 + Level 11.7 Dodging
 + Level 11.9 Invocations


You had 12 spell levels left.
You didn't know any spells.
Your spell library contained the following spells:

 Spells                   Type           Power      Damage    Failure   Level
 Magic Dart               Conj           0%         1d3       34%         1
 Slow                     Hex            0%         N/A       34%         1
 Searing Ray              Conj           0%         2d4       47%         2
 Sublimation of Blood     Necr           0%         N/A       47%         2
 Confusing Touch          Hex            0%         N/A       71%         3
 Dazzling Flash           Conj/Hex       0%         N/A       71%         3
 Frozen Ramparts          Ice            0%         1d1       71%         3
 Sigil of Binding         Hex            0%         N/A       71%         3
 Vampiric Draining        Necr           0%         2d6       71%         3
 Volatile Blastmotes      Fire/Tloc      0%         2d10      71%         3
 Fulminant Prism          Conj/Hex       0%         3d5       98%         4
 Petrify                  Tmut/Erth      0%         N/A       98%         4
 Irradiate                Conj/Tmut      0%         3d11      100%        5
 Iskenderun's Battlesphe  Conj           0%         2d6       100%        5
 Metabolic Englaciation   Hex/Ice        0%         N/A       100%        5
 Bombard                  Conj/Erth      0%         9d1       100%        6
 Starburst                Conj/Fire      0%         6d3       100%        6
 Maxwell's Capacitive Co  Air            0%         ∞         100%        8
 Malign Gateway           Summ/Tloc      Unusable   N/A       N/A         7
 Spellforged Servitor     Conj/Summ      Unusable   N/A       N/A         7
 Summon Horrible Things   Summ           Unusable   N/A       N/A         8

Dungeon Overview and Level Annotations

Branches:
Dungeon (12/15)            Temple (1/1) D:4            Lair (4/5) D:11
  Swamp (0/4) Lair:3        Snake (0/4) Lair:3          Orc (0/2) D:12
  Sewer (visited)         Ossuary (visited)          Bailey (visited)
  IceCv (1/1)
  Slime: Lair:4-5

Altars:
Ashenzari
Cheibriados
Dithmenos
Elyvilon
Fedhas
Gozag
Hepliaklqana
Kikubaaqudgha
Makhleb
Nemelex Xobeh
Okawaru
Qazlal
Ru
Sif Muna
Trog
Uskayaw
Vehumet
Wu Jian
Xom
Yredelemnul
Zin
The Shining One

Shops:
D:2 [   D:10 (   D:12 [

Annotations:
D:12 1 runed translucent door, 0gre's ghost, journeyman GnIE IceCv exclusion: ice statue


Innate Abilities, Weirdness & Mutations

Your dull iron-grey scales are very hard. (AC +13)
You are amphibious.
You cannot fit into any form of body armour.
You are cold-blooded and may be slowed by cold attacks.
You occasionally shout uncontrollably at your foes.
You are weak. (Str -2)


Message History

The ice beast misses you.
You closely miss the quicksilver ooze.
The quicksilver ooze is moderately wounded.
The quicksilver ooze misses you. The quicksilver ooze hits you!
The ice beast misses you. The quicksilver ooze hits you!
* * * LOW HITPOINT WARNING * * *
The quicksilver ooze hits you but does no damage.
Unknown command.
You closely miss the quicksilver ooze.
The quicksilver ooze is moderately wounded.
The quicksilver ooze hits you!
* * * LOW HITPOINT WARNING * * *
The quicksilver ooze hits you.
* * * LOW HITPOINT WARNING * * *
The ice beast barely misses you. The quicksilver ooze hits you!
* * * LOW HITPOINT WARNING * * *
The quicksilver ooze closely misses you.
Okay, then.
As you read the scroll labelled VEEF KENEATH, it crumbles to dust.
It is a scroll of amnesia.
You feel forgetful for a moment. The quicksilver ooze hits you.
The quicksilver ooze misses you. The ice beast closely misses you.
As you read the scroll labelled LEAGEADEQY, it crumbles to dust.
The creatures around you are filled with an inner flame!
It was a scroll of immolation.
The quicksilver ooze hits you.
* * * LOW HITPOINT WARNING * * *
The quicksilver ooze completely misses you.
The ice beast misses you.
The quicksilver ooze closely misses you.
The quicksilver ooze hits you but does no damage.
As you read the scroll labelled VEEKHOA EL OMUZ, it crumbles to dust.
Magic quickly surges around you.
It was a scroll of vulnerability.
The quicksilver ooze closely misses you.
The quicksilver ooze completely misses you.
The ice beast hits you but does no damage.
As you read the scroll labelled IFIKLUTONT, it crumbles to dust.
You assume a fearsome visage.
The ice beast looks frightened!
The quicksilver ooze is unaffected.
It was a scroll of fear.
The quicksilver ooze hits you!
You die...

###### ##.....##
####....### ###....#
##.........### ##.....#
###....###.....###......#
##....###
###...........##
##....### #.........###
#.......### ###########
###.......###########
###..........@J...##
######......Y....####
#######........##
###.......## ####.....#
##....# #....8# #......##
J..J...###


You could see a quicksilver ooze and an ice beast (summoned, inner flame,
fleeing, weak-willed).

Vanquished Creatures
  3 quicksilver oozes (IceCv)
  Josephine (D:12)
  3 hydras
  A two-headed ogre (D:10)
  A boulder beetle (D:12)
  2 ugly things (D:12)
  2 deep elf pyromancers
  A manticore (D:11)
  A cyclops (D:11)
  2 oklob plants
  Joseph (D:7)
  2 black mambas
  An ice statue (IceCv)
  A torpor snail (Lair:2)
  4 cane toads
  2 kobold demonologists
  4 rime drakes
  4 komodo dragons
  3 trolls
  A hornet (D:11)
  A polar bear (Lair:3)
  6 blink frogs (Lair:1)
  5 dream sheep (Lair:3)
  10 slime creatures
  A vampire (D:12)
  40 yaks
  4 wraiths
  A fire bat (D:10)
  4 wyverns
  7 vampire mosquitoes
  2 basilisks (Lair:1)
  Menkaure (Ossuary)
  6 nagas (Lair:3)
  An acid dragon (D:8)
  13 water moccasins
  Duvessa (D:5)
  3 great orb of eyes simulacra (IceCv)
  2 ice beasts
  7 orc warriors
  A black bear (D:5)
  2 sky beasts (D:8)
  A tengu (D:8)
  A crocodile (Sewer)
  21 wolves
  11 centaurs (Bailey)
  4 kobold brigands
  A slime creature simulacrum (IceCv)
  14 bullfrogs
  A scorpion (D:4)
  2 glowing shapeshifter simulacra (IceCv)
  6 wights
  Dowan (D:5)
  12 killer bees
  4 electric eels
  3 howler monkeys (D:12)
  10 hounds
  A jelly (D:6)
  2 sleepcaps (D:6)
  3 orc priests
  3 iguanas
  Natasha (thrice) (D:3)
  3 orc wizards
  2 hell rats (Lair:2)
  2 shapeshifter simulacra (IceCv)
  A sickly merfolk siren (Sewer)
  3 mummies (Ossuary)
  Robin (D:3)
  13 adders
  8 river rats
  A shadow imp (D:6)
  A white imp (D:8)
  2 ufetubi (D:7)
  A worm (D:4)
  5 dart slugs
  53 orcs
  6 bats
  9 endoplasms
  6 giant cockroaches
  3 gnoll zombies (Ossuary)
  14 goblins
  3 hobgoblins
  7 jackals
  3 quokkas
  8 ball pythons
  9 frilled lizards
  6 gnoll skeletons (Ossuary)
  2 goblin skeletons (Ossuary)
  3 goblin zombies (Ossuary)
  4 hobgoblin skeletons (Ossuary)
  3 hobgoblin zombies (Ossuary)
  8 kobolds
  5 kobold skeletons (Ossuary)
  3 kobold zombies (Ossuary)
  3 orc skeletons (Ossuary)
  9 orc zombies (Ossuary)
  49 rats
  5 rat skeletons (Ossuary)
  4 rat zombies (Ossuary)
  A butterfly (D:4)
531 creatures vanquished.

Vanquished Creatures (others)
  A centaur (Bailey)
1 creature vanquished.

Grand Total: 532 creatures vanquished

Notes
Turn   | Place    | Note
-------+----------+-------------------------------------------
     0 | D:1      | grandjackal the Draconian Gladiator began the quest for the
                  | Orb.
     0 | D:1      | Reached XP level 1. HP: 17/17 MP: 1/1
    97 | D:1      | Reached XP level 2. HP: 25/25 MP: 2/2
   450 | D:1      | Found a faded altar of an unknown god.
   604 | D:2      | Reached XP level 3. HP: 30/30 MP: 3/3
   618 | D:2      | Identified the +3 whip of Qorrik {drain, Will+ Str+3 Int+4}
   738 | D:2      | Reached skill level 3 in Fighting
   769 | D:2      | Found Tuuliff's Antique Armour Emporium.
   813 | D:2      | Bought a pair of gloves for 103 gold pieces
   993 | D:2      | Reached XP level 4. HP: 38/38 MP: 4/4
  1336 | D:3      | Noticed Robin
  1398 | D:3      | Killed Robin
  1490 | D:3      | Found a shadowy altar of Dithmenos.
  1598 | D:3      | Noticed Natasha
  1604 | D:3      | Killed Natasha
  1605 | D:3      | Reached XP level 5. HP: 27/46 MP: 5/5
  1776 | D:3      | Noticed Natasha
  1797 | D:3      | Reached skill level 4 in Fighting
  1821 | D:3      | Killed Natasha
  2169 | D:3      | Noticed Natasha
  2182 | D:3      | Killed Natasha
  2369 | D:4      | Found an ancient bone altar of Kikubaaqudgha.
  2480 | D:4      | Found a staircase to the Ecumenical Temple.
  2490 | Temple   | Entered the Ecumenical Temple
  2561 | D:4      | Reached XP level 6. HP: 53/53 MP: 6/6
  2697 | D:4      | Found a glowing drain.
  2717 | Sewer    | Entered a sewer
  2818 | Sewer    | HP: 2/55 [crocodile (11)]
  2822 | Sewer    | Reached skill level 5 in Fighting
  2822 | Sewer    | Reached skill level 5 in Long Blades
  3071 | Sewer    | Your scales start taking on a dull iron-grey colour.
  3071 | Sewer    | Reached XP level 7. HP: 60/61 MP: 7/7
  3377 | D:4      | Found an opulent altar of Gozag.
  3790 | D:5      | Entered Level 5 of the Dungeon
  3809 | D:5      | Noticed Duvessa
  3809 | D:5      | Noticed Dowan
  3833 | D:5      | Killed Duvessa
  3843 | D:5      | Killed Dowan
  3844 | D:5      | Reached skill level 5 in Dodging
  4048 | D:5      | Found a shimmering altar of Xom.
  4059 | D:5      | Reached skill level 6 in Fighting
  4079 | D:5      | Found a sand-covered staircase.
  4090 | Ossuary  | Entered an ossuary
  4395 | Ossuary  | Noticed Menkaure
  4400 | Ossuary  | Killed Menkaure
  4401 | Ossuary  | Reached XP level 8. HP: 39/71 MP: 8/8
  5101 | D:5      | Found an iron altar of Okawaru.
  5109 | D:5      | Became a worshipper of Warmaster Okawaru
  5219 | D:5      | Found a glowing golden altar of the Shining One.
  5289 | D:5      | Found a hide-covered altar of Uskayaw.
  5466 | D:6      | Reached skill level 1 in Invocations
  5508 | D:6      | Reached skill level 7 in Fighting
  5617 | D:6      | Identified the staff of Inconvenience {rF+ rN+ Necro}
  6078 | D:7      | Reached * piety under Okawaru
  6084 | D:7      | Reached XP level 9. HP: 48/79 MP: 11/11
  6278 | D:7      | Found a broken altar of Ashenzari.
  6530 | D:7      | You fall into a shaft and drop 2 floors!
  6593 | D:9      | Found a white marble altar of Elyvilon.
  6625 | D:9      | Reached ** piety under Okawaru
  6626 | D:9      | Reached skill level 8 in Fighting
  6936 | D:8      | Found a flagged portal.
  6978 | Bailey   | Entered a bailey
  7222 | Bailey   | Reached skill level 5 in Invocations
  7400 | Bailey   | Reached *** piety under Okawaru
  7477 | Bailey   | Found the +5 glaive of the Guard {elec, spectral}
  7489 | Bailey   | Reached XP level 10. HP: 90/90 MP: 14/14
  7539 | Bailey   | Reached skill level 9 in Fighting
  8578 | D:7      | Found a snail-covered altar of Cheibriados.
  8649 | D:7      | Noticed Joseph
  8663 | D:7      | Killed Joseph
  8663 | D:7      | Reached **** piety under Okawaru
  8811 | D:8      | Found a stormy altar of Qazlal.
  9243 | D:9      | Reached skill level 10 in Fighting
  9861 | D:10     | Entered Level 10 of the Dungeon
  9861 | D:10     | Noticed a two-headed ogre
  9868 | D:10     | Killed a two-headed ogre
  9868 | D:10     | Reached ***** piety under Okawaru
  9869 | D:10     | Reached XP level 11. HP: 75/100 MP: 13/16
 10238 | D:10     | Found a blossoming altar of Fedhas.
 10286 | D:10     | Noticed Maurice
 10291 | D:10     | Maurice changed into Maurice the fire bat
 10291 | D:10     | Noticed Maurice
 10293 | D:10     | Killed Maurice the fire bat
 10325 | D:10     | Found Ugrafa's Antique Weapon Shop.
 10560 | D:11     | Gained mutation: Potions are less effective at restoring
                  | your health. [potion of mutation]
 10560 | D:11     | Gained mutation: You are weak. (Str -2) [potion of
                  | mutation]
 10563 | D:11     | HP: 3/98 [kobold brigand/+3 short sword of electrocution
                  | (5)]
 10958 | D:11     | Found a staircase to the Lair.
 11339 | D:11     | Reached skill level 10 in Long Blades
 11924 | D:11     | Lost mutation: You are weak. (Str -2) [potion of mutation]
 11924 | D:11     | Lost mutation: Potions are less effective at restoring your
                  | health. [potion of mutation]
 11924 | D:11     | Gained mutation: You are weak. (Str -2) [potion of
                  | mutation]
 11924 | D:11     | Gained mutation: You occasionally shout uncontrollably at
                  | your foes. [potion of mutation]
 11939 | D:12     | Noticed a deep elf pyromancer
 11955 | D:11     | Killed a deep elf pyromancer
 11956 | D:11     | Reached skill level 11 in Fighting
 12415 | D:12     | Found a runed translucent door.
 12415 | D:12     | Noticed 0gre's ghost (journeyman GnIE)
 12492 | D:12     | Noticed a deep elf pyromancer
 12494 | D:12     | Killed a deep elf pyromancer
 12494 | D:12     | Received a gift from Okawaru
 12641 | D:12     | Noticed a green ugly thing
 12646 | D:12     | Killed a green ugly thing
 12679 | D:12     | Identified the +11 flail of Causality {flame, rElec rC-
                  | Str+3}
 12721 | D:12     | Found Wyvoh's Armour Boutique.
 12773 | D:12     | Noticed a cyan ugly thing
 12776 | D:12     | Noticed a boulder beetle
 12779 | D:12     | Killed a cyan ugly thing
 12797 | D:12     | Killed a boulder beetle
 12939 | D:12     | Found a staircase to the Orcish Mines.
 13068 | D:12     | Noticed Josephine
 13076 | D:12     | Killed Josephine
 13076 | D:12     | Received a gift from Okawaru
 13077 | D:12     | Reached skill level 10 in Dodging
 13077 | D:12     | Reached XP level 12. HP: 59/110 MP: 19/19
 13437 | Lair:1   | Entered Level 1 of the Lair of Beasts
 13520 | Lair:1   | Received a gift from Okawaru
 13521 | Lair:1   | Reached skill level 12 in Fighting
 13627 | Lair:1   | Reached skill level 10 in Invocations
 14704 | Lair:2   | Noticed a four-headed hydra
 14718 | Lair:2   | Killed a one-headed hydra
 15392 | Lair:2   | Identified the +7 hand axe "Jaschat" {flame, +Blink rPois
                  | Dex+3}
 15449 | Lair:2   | Received a gift from Okawaru
 15803 | Lair:3   | Noticed a six-headed hydra
 15815 | Lair:3   | Killed a one-headed hydra
 15816 | Lair:3   | Reached XP level 13. HP: 66/119 MP: 9/21
 16144 | Lair:3   | Reached skill level 13 in Fighting
 16359 | Lair:3   | Found a staircase to the Swamp.
 16737 | Lair:3   | Found a staircase to the Snake Pit.
 17313 | Lair:4   | Found a frozen archway.
 17397 | IceCv    | Entered an ice cave
 17462 | IceCv    | Noticed a quicksilver ooze
 17463 | IceCv    | Noticed a quicksilver ooze
 17470 | IceCv    | Killed a quicksilver ooze
 17480 | IceCv    | Killed a quicksilver ooze
 17480 | IceCv    | Received a gift from Okawaru
 18078 | IceCv    | Noticed a quicksilver ooze
 18086 | IceCv    | Killed a quicksilver ooze
 18086 | IceCv    | Reached ****** piety under Okawaru
 18092 | IceCv    | Acquired the -2 hat of the Alchemist {rElec rPois rF+ rC+
                  | rN+ Will+ rMut rCorr}
 18092 | IceCv    | Received a gift from Okawaru
 18092 | IceCv    | Found the -2 hat of the Alchemist {rElec rPois rF+ rC+ rN+
                  | Will+ rMut rCorr}
 18150 | IceCv    | Noticed a quicksilver ooze
 18165 | IceCv    | HP: 4/122 [quicksilver ooze (13)]
 18169 | IceCv    | Mangled by a quicksilver ooze

Illustrated notes

Levels and vault maps discovered:
D:1:      minmay_arrival_four_houses, layout_rooms,
          hellmonk_ecumenical_altar_inner_sanctum
D:2:      layout_basic, serial_shops, shop_statue, minivault_26,
          minmay_rat_gold_closets
D:3:      layout_loops_ring, overflow_temple_1_default, uniq_natasha, uniq_robin
D:4:      layout_basic, lemuel_coloured_pillars_altar,
          nicolae_gozag_seed_capital, minmay_temple_entry_butterflies,
          portal_sewer_entry_d
D:5:      layout_layer_cave, nicolae_uskayaw_suspiria,
          nicolae_overflow_crystal_walls, mainiacjoe_overflow_brackets,
          okawaru_altar_gauntlet_db, mainiacjoe_ossuary_entry_dusty_tomb,
          uniq_duvessa
D:6:      layout_loops_ring
D:7:      layout_rooms, lemuel_crystal_altar, nicolae_ashenzari_panopticon,
          lemuel_flamethrower_2, uniq_joseph
D:8:      layout_rooms, nicolae_qazlal_eye_of_the_storm, enter_bailey_2
D:9:      layout_loops_ring, kennysheep_little_box, nrook_uturn,
          grunt_ministairs_11, amcnicky_mini_rare_corridor_liquid,
          hangedman_abyss_or_decor_passed, chequers_serial_rivers_micro_a,
          hangedman_abyss_or_decor_clamps
D:10:     layout_irregular_city, amcnicky_altar_gilded, serial_shops, shop,
          uniq_maurice
D:11:     layout_layer_cave, erik_lair_island
D:12:     layout_loops_ring, orc_0_dummy, hellmonk_ghost_happy_afterlife,
          serial_shops, shop, uniq_josephine
Temple:   zaba_magenta_temple
Lair:1:   layout_chaotic_city, serial_rivers, chequers_serial_rivers_large_b,
          chequers_serial_rivers_room_a, chequers_serial_rivers_micro_e,
          chequers_serial_rivers_small_b, chequers_serial_rivers_marsh,
          chequers_serial_rivers_room_a, st_stairs_7, minmay_lair_oklob_items
Lair:2:   layout_regular_city, kennysheep_rathole, lemuel_fruit_fields
Lair:3:   layout_cave_pods, swamp_mist, minmay_snake_entry_guardpost_large,
          chequers_serial_rivers_micro_c
Lair:4:   cheibrodos_lair_overgrown_chateau, layout_concentric_octagons,
          portal_ice_cave_rime, minivault_11
IceCv:    ice_cave_hellmonk_azure_passage

Skill      XL: |  1  2  3  4  5  6  7  8  9 10 11 12 13 |
---------------+----------------------------------------+-----
Throwing       | 2 |  2.0
Dodging        | 3 4 5 6 7 8 10 11 | 11.7
Fighting       | 3 4 5 6 7 8 10 11 12 13 | 13.6
Long Blades    | 4 5 6 7 8 9 10 11 12 | 12.6
Invocations    | 3 5 7 9 11 | 11.9

Action                     |  1- 3 |  4- 6 |  7- 9 | 10-12 | 13-15 || total
---------------------------+-------+-------+-------+-------+-------++-------
  Melee: Long sword        |     8 |       |       |       |       ||     8
         Great sword       |    87 |   266 |   459 |    33 |       ||   845
         Tailslap          |     8 |    29 |    82 |   106 |    40 ||   265
         Triple sword      |       |       |       |   706 |   189 ||   895
  Throw: Boomerang         |       |       |       |     4 |       ||     4
 Invoke: Heroism           |       |       |       |     9 |     1 ||    10
         Receive Armour    |       |       |       |       |     1 ||     1
  Evoke: Wand              |       |       |    21 |    27 |     4 ||    52
    Use: Potion            |       |     1 |     1 |     6 |       ||     8
         Scroll            |       |       |       |    19 |     5 ||    24
   Stab: Sleeping          |     1 |     4 |     3 |     2 |       ||    10
 Armour: Skin              |    73 |   212 |   281 |   570 |   175 ||  1311
  Dodge: Dodged            |    98 |   251 |   515 |  1475 |   336 ||  2675

Table legend: (Time is in decaauts)
 A = Elapsed time spent in this place.
 B = Non-inter-level travel time spent in this place.
 C = Inter-level travel time spent in this place.
 D = Time resting spent in this place.
 E = Time spent auto-exploring this place.
 F = Levels seen in this place.
 G = Mean time per level.
                   A        B        C        D        E       F      G
               +--------+--------+--------+--------+--------+-----+--------+
         Total |  18794 |  18272 |    522 |   3967 |   9414 |  21 |  895.0 |
       Dungeon |  11729 |  11282 |    447 |   2036 |   6528 |  12 |  977.4 |
        Temple |     13 |     13 |      0 |      0 |      0 |   1 |   13.0 |
          Lair |   4022 |   3947 |     75 |    631 |   2507 |   4 | 1005.5 |
         Sewer |    627 |    627 |      0 |    202 |     40 |   1 |  627.0 |
       Ossuary |    595 |    595 |      0 |    163 |    145 |   1 |  595.0 |
        Bailey |   1020 |   1020 |      0 |    405 |    145 |   1 | 1020.0 |
      Ice Cave |    784 |    784 |      0 |    530 |     49 |   1 |  784.0 |
               +--------+--------+--------+--------+--------+-----+--------+

Top non-repeatable levels by time:
    D:11: 1493 daAuts
  Lair:3: 1423 daAuts
     D:9: 1250 daAuts
  Lair:1: 1249 daAuts
    D:12: 1185 daAuts
  Lair:2: 1112 daAuts
     D:5: 1085 daAuts
     D:7: 1066 daAuts
     D:3: 1036 daAuts
  Bailey: 1020 daAuts
     D:4: 1015 daAuts
    D:10: 984 daAuts
     D:2: 793 daAuts
   IceCv: 784 daAuts
     D:6: 781 daAuts
